 Dungeon Sprint DCSS version 0.31-a0-845-g9abc20d24f (webtiles) character file.

Game seed: 5251737027492374509

200 sircluck the Ruffian (level 5, -10/59 HPs)
             Began as a Troll Berserker on Oct 2, 2023.
             Was a High Priest of Trog.
             Mangled by a sun demon (20 damage)
             ... in the Dungeon (Sprint VII: "The Pits").
             The game lasted 00:00:53 (308 turns).

sircluck the Ruffian (Troll Berserker)               Turns: 308, Time: 00:00:53

Health: -10/59     AC:  4    Str: 27    XL:     5   Next: 48%
Magic:  4/4        EV: 11    Int:  3    God:    Trog [*****.]
Gold:   0          SH:  0    Dex:  9    Spells: 4/4 levels left

rFire   . .          .
                       - Unarmed
rCold   . . .        (no shield)
rNeg    . . .        a - +0 animal skin
rPois   .            (helmet restricted)
rElec   .            (no cloak)
rCorr   .            (gloves unavailable)
SInv    .            (boots unavailable)
Will    .....        (no amulet)
Stlth   +            (no ring)
HPRegen 1.09/turn    (no ring)
MPRegen 0.09/turn

%: no teleportation
@: no status effects
A: large, unfitting armour, claws 3, regeneration 1, shaggy fur 1, tough skin 1
a: Renounce Religion, Berserk, Trog's Hand, Brothers in Arms


You were in the Dungeon.
You worshipped Trog.
Trog was extremely pleased with you.
You visited 1 branch

Inventory:

Armour
 a - a +0 animal skin (worn)
Wands
 k - a wand of iceblast (9)
Scrolls
 g - a scroll of blinking
 i - 2 scrolls of vulnerability
 j - a scroll of butterflies
Potions
 b - 6 potions of curing
 c - 6 potions of heal wounds
 d - a potion of haste
 e - 4 potions of magic
 f - 3 potions of berserk rage
 h - 2 potions of invisibility


   Skills:
 + Level 6.1 Fighting
 + Level 6.0 Dodging
 + Level 7.2 Unarmed Combat


You had 4 spell levels left.
You didn't know any spells.
Your spell library was empty.

Dungeon Overview and Level Annotations

Branches:
Dungeon (1/1)

Altars:
Ashenzari
Cheibriados
Dithmenos
Elyvilon
Fedhas
Gozag
Hepliaklqana
Kikubaaqudgha
Makhleb
Nemelex Xobeh
Okawaru
Qazlal
Ru
Sif Muna
Trog
Uskayaw
Vehumet
Wu Jian
Xom
Yredelemnul
Zin
The Shining One
Jiyva
Lugonu


Innate Abilities, Weirdness & Mutations

You are too large for most types of armour.
You have claws for hands.
Your natural rate of healing is unusually fast.
You are covered in fur. (AC +1)
You have tough skin. (AC +1)


Message History

Ijyb is moderately wounded.
Ijyb hits you with a +0 club.
You closely miss Ijyb.
Ijyb is moderately wounded.
Ijyb hits you with a +0 club.
You claw Ijyb!
Ijyb is severely wounded.
Ijyb hits you but does no damage.
You closely miss Ijyb.
Ijyb is severely wounded.
Ijyb closely misses you.
You claw Ijyb!
You kill Ijyb!
Trog accepts your kill.
Your Fighting skill increases to level 6!
Your Dodging skill increases to level 6!
Your Unarmed Combat skill increases to level 7!
k - a wand of iceblast (9)
Things that are here:
a +0 club; a +0 leather armour; the goblin corpse of Ijyb You open the door.
A sun demon comes into view.
The sun demon shouts!
You claw the sun demon!
The sun demon is moderately wounded.
The sun demon barely misses you.
You barely miss the sun demon.
The sun demon is moderately wounded.
The sun demon hits you!
You are engulfed in flames!
You claw the sun demon!
The sun demon is heavily wounded.
The sun demon hits you!
You are engulfed in flames!
* * * LOW HITPOINT WARNING * * *
You barely miss the sun demon.
The sun demon is heavily wounded.
The sun demon misses you.
You barely miss the sun demon.
The sun demon is heavily wounded.
The sun demon hits you!!
You die...

#.#..#[))).##.......#
#'###########.......#
#..#.#.## #########
#.......# ##.#.#.##
#.).....#+#
##.#.#.##.+
#.......#3#
##.#.#..'@#
##########


You could see a sun demon.

Vanquished Creatures
  A phantom (D)
  A scorpion (D)
  Ijyb (D)
  A gnoll (D)
  A river rat (D)
  An ufetubus (D)
  A ball python (D)
  7 jackals (D)
  3 kobolds (D)
  A quokka (D)
  2 rats (D)
20 creatures vanquished.

Notes
Turn   | Place    | Note
-------+----------+-------------------------------------------
     0 | D        | sircluck the Troll Berserker began the quest for the Orb.
     0 | D        | Reached XP level 1. HP: 22/22 MP: 0/0
    30 | D        | Found a bloodstained altar of Trog.
    30 | D        | Found a shimmering blue altar of Sif Muna.
    30 | D        | Found a viscous altar of Jiyva.
    30 | D        | Found a hazy altar of Hepliaklqana.
    30 | D        | Found an opulent altar of Gozag.
    31 | D        | Found a glowing golden altar of the Shining One.
    31 | D        | Found a glowing silver altar of Zin.
    31 | D        | Found a basalt altar of Yredelemnul.
    31 | D        | Found a shimmering altar of Xom.
    31 | D        | Found an ornate altar of the Wu Jian Council.
    31 | D        | Found a sacrificial altar of Ru.
    31 | D        | Found a stormy altar of Qazlal.
    31 | D        | Found an iron altar of Okawaru.
    31 | D        | Found a sparkling altar of Nemelex Xobeh.
    31 | D        | Found a burning altar of Makhleb.
    31 | D        | Found a blossoming altar of Fedhas.
    31 | D        | Found a white marble altar of Elyvilon.
    31 | D        | Found a shadowy altar of Dithmenos.
    31 | D        | Found a snail-covered altar of Cheibriados.
    35 | D        | Found a corrupted altar of Lugonu.
    35 | D        | Found a radiant altar of Vehumet.
    36 | D        | Found a broken altar of Ashenzari.
    36 | D        | Found an ancient bone altar of Kikubaaqudgha.
    36 | D        | Found a hide-covered altar of Uskayaw.
    78 | D        | Reached ** piety under Trog
    93 | D        | Reached skill level 4 in Unarmed Combat
    93 | D        | Reached XP level 2. HP: 31/31 MP: 1/1
    95 | D        | Reached *** piety under Trog
   112 | D        | Noticed a phantom
   134 | D        | Killed a phantom
   135 | D        | Reached skill level 5 in Unarmed Combat
   135 | D        | Reached XP level 3. HP: 16/41 MP: 2/2
   135 | D        | Reached XP level 4. HP: 20/49 MP: 3/3
   167 | D        | Reached **** piety under Trog
   217 | D        | Noticed a scorpion
   251 | D        | Killed a scorpion
   252 | D        | Reached skill level 5 in Fighting
   252 | D        | Reached skill level 5 in Dodging
   252 | D        | Reached skill level 6 in Unarmed Combat
   252 | D        | Reached XP level 5. HP: 45/57 MP: 4/4
   262 | D        | Reached ***** piety under Trog
   263 | D        | Received a gift from Trog
   293 | D        | Noticed Ijyb
   300 | D        | Killed Ijyb
   301 | D        | Reached skill level 7 in Unarmed Combat
   303 | D        | Noticed a sun demon
   308 | D        | Mangled by a sun demon

Illustrated notes

Levels and vault maps discovered:
D:        pitsprint [storerooms_1, entrance_room_1, metal_vault_7, armoury_2,
          mini_pit_1, grid_room_1, main_hall_1, silver_pit, the_coven_1,
          the_vestibule_1, steel_vault_3, golden_pit, hallway_of_sentries,
          crystal_vault_1, iron_vault_4, final_vault]

Skill      XL: |  1  2  3  4  5 |
---------------+----------------+-----
Fighting       | 3 4 5 6 |  6.1
Dodging        | 3 4 5 6 |  6.0
Unarmed Combat | 4 5 6 7 |  7.2

Action                     |  1- 3 |  4- 6 || total
---------------------------+-------+-------++-------
  Melee: Unarmed           |    32 |    34 ||    66
 Armour: Animal skin       |    29 |    23 ||    52
  Dodge: Dodged            |    10 |    18 ||    28

Table legend: (Time is in decaauts)
 A = Elapsed time spent in this place.
 B = Non-inter-level travel time spent in this place.
 C = Inter-level travel time spent in this place.
 D = Time resting spent in this place.
 E = Time spent auto-exploring this place.
 F = Levels seen in this place.
 G = Mean time per level.
                   A        B        C        D        E       F      G
               +--------+--------+--------+--------+--------+-----+--------+
         Total |    301 |    301 |      0 |      0 |     54 |   1 |  301.0 |
       Dungeon |    301 |    301 |      0 |      0 |     54 |   1 |  301.0 |
               +--------+--------+--------+--------+--------+-----+--------+

Top non-repeatable levels by time:
       D: 301 daAuts
